 Dungeon Crawl Stone Soup version 0.20-b1 (webtiles) character file.

811 poirepourri the Chopper (level 7, -18/61 HPs)
             Began as a Minotaur Fighter on May 19, 2017.
             Killed from afar by Ijyb (23 damage)
             ... with a wand of lightning (?/15)
             ... on level 4 of the Dungeon.
             The game lasted 00:04:38 (4154 turns).

poirepourri the Chopper (Minotaur Fighter)          Turns: 4154, Time: 00:04:39

Health: -18/61     AC:  8    Str: 19 (21) XL:     7   Next: 61%
Magic:  6/6        EV:  9    Int:  8      God:
Gold:   152        SH: 10    Dex: 10 (11) Spells: 6/6 levels left

rFire    . . .     SeeInvis .   p - +4 hand axe
rCold    . . .     Gourm    .   c - +0 shield
rNeg     . . .     Faith    .   b - +0 scale mail
rPois    .         Spirit   .   (helmet restricted)
rElec    .         Reflect  .   (no cloak)
rCorr    .         Harm     .   o - +0 pair of gloves
MR       .....                  (no boots)
Stlth    ..........             (no amulet)
Regen    0.2/turn               e - +3 ring of intelligence
MPRegen  0.1/turn               (no ring)

@: no status effects
A: retaliatory headbutt, claws 1, horns 2, deterioration 1, mutation resistance
1
a: no special abilities


You were on level 4 of the Dungeon.
You were not hungry.

You visited 1 branch of the dungeon, and saw 4 of its levels.

You collected 152 gold pieces.

Inventory:

Hand Weapons
 a - a +0 war axe
 p - a +4 hand axe (weapon)
Missiles
 l - 22 bolts
 q - 7 tomahawks (quivered)
Armour
 b - a +0 scale mail (worn)
 c - a +0 shield (worn)
 o - a +0 pair of gloves (worn)
Jewellery
 e - a +3 ring of intelligence (left hand)
 g - a cursed ring of teleportation
 u - an uncursed ring of flight
 v - an uncursed ring of resist corrosion {unknown}
Potions
 d - a potion of might
 h - a potion of berserk rage
 j - 3 potions of flight
 m - a potion of mutation
 r - a potion of curing
 s - a potion of magic {unknown}
 t - a potion of haste {unknown}
Comestibles
 f - 3 bread rations
 i - 5 fruits
 k - 2 meat rations
 n - a royal jelly


   Skills:
 + Level 5.3 Fighting
 + Level 7.6 Axes
 - Level 3.6 Armour
 + Level 3.1 Dodging
 + Level 5.9 Shields


You had 6 spell levels left.
You didn't know any spells.

Dungeon Overview and Level Annotations

Branches:
Dungeon (4/15)
 Temple: D:4-7

Altars:
Cheibriados
Gozag
Sif Muna
Uskayaw
The Shining One

Annotations:
D:4 Ijyb


Innate Abilities, Weirdness & Mutations

You reflexively headbutt those who attack you in melee.
You have a pair of horns on your head.
You have sharp fingernails.
Your body sometimes deteriorates upon taking damage.
You are somewhat resistant to further mutation.


Message History

Unknown command.
Ijyb zaps a wand.
The bolt of lightning hits you! Ijyb barely misses you.
You furiously retaliate!
You headbutt Ijyb! You hit Ijyb. Your headbutt misses Ijyb.
Ijyb is moderately wounded.
You block Ijyb's attack.
You hit Ijyb.
Ijyb is heavily wounded.
Ijyb hits you but does no damage.
You barely miss Ijyb.
Ijyb is heavily wounded.
Ijyb hits you but does no damage.
You hit Ijyb.
Ijyb is heavily wounded.
Ijyb zaps a wand.
The bolt of lightning hits you!
* * * LOW HITPOINT WARNING * * *
You closely miss Ijyb.
Ijyb is heavily wounded.
Ijyb zaps a wand.
The bolt of lightning hits you!
You die...

.##
.........##............
.#
.........#............#
...
........##............#
....
..>........#####.......
.### .........###
##..[..# .# ..##.....#
##[...# .. ##....#
##.... #.g.<# #....
##@..# ##... #.).# #...
#...# ##.. ##..## ###
#...# ##..# #..# #..#
##.#


You could see Ijyb.

Vanquished Creatures
  Pikel (D:4)
  2 slaves (D:4)
  A scorpion (D:4)
  A howler monkey (D:4)
  A bullfrog skeleton (D:3)
  An iguana (D:4)
  Robin (D:4)
  4 gnolls
  3 adders
  An adder skeleton (D:4)
  6 worms
  6 dart slugs
  2 leopard geckos (D:1)
  6 orcs
  6 bats
  3 giant cockroaches
  20 goblins
  9 hobgoblins
  4 jackals (D:2)
  3 quokkas
  A ball python (D:1)
  8 frilled lizards
  4 kobolds
  7 rats
101 creatures vanquished.

Notes
Turn   | Place    | Note
-------+----------+-------------------------------------------
     0 | D:1      | poirepourri the Minotaur Fighter began the quest for the Orb.
     0 | D:1      | Reached XP level 1. HP: 19/19 MP: 0/0
   409 | D:1      | Reached XP level 2. HP: 26/27 MP: 1/1
   695 | D:1      | Reached XP level 3. HP: 33/33 MP: 2/2
   722 | D:1      | Reached skill level 3 in Axes
  1090 | D:2      | Found a glowing golden altar of the Shining One.
  1101 | D:2      | Found a deep blue altar of Sif Muna.
  1301 | D:2      | Reached skill level 1 in Dodging
  1676 | D:2      | Reached XP level 4. HP: 17/40 MP: 3/3
  1682 | D:2      | Reached skill level 4 in Axes
  2171 | D:3      | Reached XP level 5. HP: 21/47 MP: 4/4
  2809 | D:4      | Reached skill level 5 in Axes
  2989 | D:4      | Noticed a slave
  2989 | D:4      | Noticed a slave
  2991 | D:4      | Noticed a slave
  2991 | D:4      | Noticed a slave
  2993 | D:4      | Noticed Pikel
  2997 | D:4      | Killed a slave
  3001 | D:4      | Killed a slave
  3003 | D:4      | Gained mutation: Your body sometimes deteriorates upon taking damage. [potion of mutation]
  3003 | D:4      | Gained mutation: You have sharp fingernails. [potion of mutation]
  3003 | D:4      | Gained mutation: You are somewhat resistant to further mutation. [potion of mutation]
  3122 | D:4      | Reached skill level 5 in Shields
  3122 | D:4      | Reached XP level 6. HP: 31/53 MP: 5/5
  3504 | D:4      | Found a hide-covered altar of Uskayaw.
  3539 | D:4      | Noticed Robin
  3590 | D:4      | Killed Robin
  3872 | D:4      | Found an opulent altar of Gozag.
  3966 | D:4      | Found a snail-covered altar of Cheibriados.
  4064 | D:4      | Killed Pikel
  4064 | D:4      | Reached skill level 5 in Fighting
  4064 | D:4      | Reached skill level 7 in Axes
  4064 | D:4      | Reached XP level 7. HP: 53/61 MP: 6/6
  4136 | D:4      | Noticed Ijyb
  4154 | D:4      | Killed from afar by Ijyb

Skill      XL: |  1  2  3  4  5  6 |
---------------+-------------------+-----
Shields        | 4 5 |  5.9
Fighting       | 4 5 |  5.3
Axes           | 3 4 5 7 |  7.6
Dodging        | 1 2 3 |  3.1
Armour         | |  3.6

Action                   |  1- 3 |  4- 6 |  7- 9 || total
-------------------------+-------+-------+-------++-------
Melee: War axe           |    94 |    89 |       ||   183
       Headbutt          |    11 |    20 |       ||    31
       Hand axe          |       |    41 |     5 ||    46
  Use: Scroll            |     3 |     9 |       ||    12
       Potion            |       |     6 |       ||     6
  Eat: Meat ration       |     1 |       |       ||     1
       Bread ration      |       |     1 |       ||     1
       Fruit             |       |     2 |       ||     2
Armor: Scale mail        |    56 |    71 |     2 ||   129
Dodge: Dodged            |    32 |    75 |     1 ||   108
Block: Shield            |    68 |    99 |     1 ||   168
